 Dungeon Crawl Stone Soup version 0.28-a0-1524-ge72afd5fc6 (webtiles) character file.

Game seed: 8770847395348053312

61 elagabalus the Chopper (level 4, 27/39 HPs)
             Began as a Hill Orc Berserker on Jan 18, 2022.
             Was a Believer of Trog.
             Quit the game on level 2 of the Dungeon.
             The game lasted 00:11:39 (1263 turns).

elagabalus the Chopper (Hill Orc Berserker)         Turns: 1263, Time: 00:11:39

Health: 27/39      AC:  9    Str: 21    XL:     4   Next: 7%
Magic:  4/4        EV:  8    Int:  7    God:    Trog [**....]
Gold:   94         SH:  0    Dex: 10    Spells: 3/3 levels left

rFire   . . .      SeeInvis .   a - +0 hand axe
rCold   . . .      Faith    .   (no shield)
rNeg    . . .      Spirit   .   j - +1 chain mail
rPois   .          Reflect  .   (no helmet)
rElec   .          Harm     .   (no cloak)
rCorr   .          Rampage  .   (no gloves)
Will    .....                   (no boots)
Stlth   ..........              (no amulet)
HPRegen 0.13/turn               (no ring)
MPRegen 0.09/turn               (no ring)

@: no status effects
A: no striking features
a: Renounce Religion, Berserk, Trog's Hand


You were on level 2 of the Dungeon.
You worshipped Trog.
Trog was pleased with you.
You visited 1 branch of the dungeon, and saw 2 of its levels.

You collected 94 gold pieces.

Inventory:

Hand Weapons
 a - a +0 hand axe (weapon)
Missiles
 c - 39 stones (quivered)
Armour
 j - a +1 chain mail (worn)
Wands
 e - a wand of iceblast (11)
 f - a wand of charming (7)
Scrolls
 b - a scroll of blinking
 g - 2 scrolls of noise
Potions
 d - a potion of lignification


   Skills:
 - Level 3.6 Fighting
 + Level 6.4 Axes
 - Level 2.1 Armour
 - Level 1.5 Dodging


You had 3 spell levels left.
You didn't know any spells.
Your spell library was empty.

Dungeon Overview and Level Annotations

Branches:
Dungeon (2/15)

Altars:

Shops:
D:1 ?


Message History

You kill the bat!
Trog accepts your kill.
A bat comes into view.
Found a book of Alchemy.
A giant cockroach comes into view.
The bat hits you but does no damage.
You see here a wand of iceblast (11).
You miss the bat. The bat hits you but does no damage. x3
You hit the bat.
You kill the bat!
Trog accepts your kill.
You see here a bat corpse.
There are no objects that can be picked up here. a bat corpse You see here a wand of iceblast (11).
You don't know any spells.
e - a wand of iceblast (11)
The giant cockroach barely misses you.
You completely miss the giant cockroach.
The giant cockroach bites you.
You closely miss the giant cockroach.
The giant cockroach waves its antennae.
The giant cockroach bites you but does no damage.
You hit the giant cockroach.
The giant cockroach is heavily wounded.
The giant cockroach closely misses you.
You hit the giant cockroach.
You kill the giant cockroach!
Trog accepts your kill.
Things that are here:
a giant cockroach corpse; a bat corpse You now have 71 gold pieces (gained 6).
Found 11 gold pieces.
A kobold comes into view. It is wielding a +0 whip.
You now have 83 gold pieces (gained 12).
f - a wand of charming (7)
You see here a book of Alchemy.
A kobold is nearby!
You now have 94 gold pieces (gained 11).
Are you sure you want to abandon this character and quit the game? (Confirm with "yes".)

##.# #......##.# #)
#.## #:.....##.# # #.
####..# #......#.....
#. #.....##
##......#..... #.
#......# #...##.##.....
#.
#....#.###...##.##.....
#.
#......†....†..........
#.
#....#K.##...##.##.....
## #....##)#######@#
#### #.............#.#
#.#.####.####.#.# #.#.
.# #.# # .# #.# #######
.. #.# #.....# ..
#.####.....## ...
#.......)...# ### ...
#.#.##......# #.#


There were no monsters in sight!

Vanquished Creatures
  An adder (D:2)
  2 dart slugs (D:2)
  7 endoplasms
  4 giant cockroaches
  4 goblins (D:1)
  A hobgoblin (D:1)
  2 quokkas (D:1)
  4 ball pythons (D:1)
  8 bats
  2 frilled lizards
  4 kobolds
  7 rats
46 creatures vanquished.

Vanquished Creatures (others)
  4 fungi (D:2)
  13 plants (D:1)
17 creatures vanquished.

Grand Total: 63 creatures vanquished

Notes
Turn   | Place    | Note
-------+----------+-------------------------------------------
     0 | D:1      | elagabalus the Hill Orc Berserker began the quest for the
                  | Orb.
     0 | D:1      | Reached XP level 1. HP: 19/19 MP: 1/1
    17 | D:1      | Noticed an electric eel
    43 | D:1      | Found Zoxzats's Magic Scroll Shop.
    56 | D:1      | Reached XP level 2. HP: 26/26 MP: 2/2
   125 | D:1      | Found a faded altar of an unknown god.
   211 | D:1      | Reached skill level 5 in Axes
   401 | D:1      | Reached XP level 3. HP: 27/31 MP: 3/3
   978 | D:2      | Reached ** piety under Trog
   980 | D:2      | Reached skill level 6 in Axes
  1220 | D:2      | Reached XP level 4. HP: 23/39 MP: 4/4
  1263 | D:2      | Quit the game

Illustrated notes

Levels and vault maps discovered:
D:1:      arrival_aquarium_a, layout_loops_ring, serial_shops, shop_scrolls,
          shapermc_ecumenical_altar_venn, serial_bayou, serial_bayou_ford_a,
          serial_bayou_pond_e, serial_bayou_lake_a, serial_bayou_crossing
D:2:      layout_basic, uniq_crazy_yiuf_cottage

Skill      XL: |  1  2  3 |
---------------+----------+-----
Axes           | 5 6 |  6.4
Fighting       | |  3.6
Armour         | |  2.1
Dodging        | |  1.5

Action                   |  1- 3 |  4- 6 || total
-------------------------+-------+-------++-------
Melee: Hand axe          |   108 |     9 ||   117
       Punch             |     2 |       ||     2
Invok: Berserk           |     2 |       ||     2
  Use: Scroll            |     9 |       ||     9
Armor: Animal skin       |    10 |       ||    10
       Chain mail        |    20 |     6 ||    26
Dodge: Dodged            |    44 |     6 ||    50

Table legend: (Time is in decaauts)
 A = Elapsed time spent in this place.
 B = Non-inter-level travel time spent in this place.
 C = Inter-level travel time spent in this place.
 D = Time resting spent in this place.
 E = Time spent auto-exploring this place.
 F = Levels seen in this place.
 G = Mean time per level.
                   A        B        C        D        E       F      G
               +--------+--------+--------+--------+--------+-----+--------+
         Total |   1372 |    417 |    955 |      0 |      0 |   2 |  686.0 |
       Dungeon |   1372 |    417 |    955 |      0 |      0 |   2 |  686.0 |
               +--------+--------+--------+--------+--------+-----+--------+

Top non-repeatable levels by time:
     D:1: 1066 daAuts
     D:2: 305 daAuts
